 Dungeon Crawl Stone Soup version 0.19-a0-32-gbfd796a (webtiles) character file.

162 M4edhros the Insei (level 5, -4/31 HPs)
             Began as an Octopode Necromancer on May 2, 2016.
             Was an Initiate of Cheibriados.
             Slain by an orc
             ... wielding a +0 mace
              (5 damage)
             ... on level 4 of the Dungeon.
             The game lasted 00:03:55 (610 turns).

M4edhros the Insei (Octopode Necromancer)            Turns: 610, Time: 00:03:55

Health: -4/31      AC:  2    Str:  7 (9)  XL:     5   Next: 43%
Magic:  8/8        EV: 12    Int: 22 (23) God:    Cheibriados [......]
Gold:   68         SH:  0    Dex: 13 (14) Spells: 1 memorised, 7 levels left

rFire  . . .     SeeInvis .       - Unarmed
rCold  . . .     Gourm    .     (no shield)
rNeg   . . .     Faith    .     o - +1 hat
rPois  .         Spirit   .     (no amulet)
rElec  .         Dismiss  .     m - ring of protection from magic
rCorr  .         Reflect  .     (no ring)
SustAt .         Harm     .     (no ring)
MR     +....                    (no ring)
Stlth  +++.......               (no ring)
                                (no ring)
                                (no ring)
                                (no ring)

@: brilliant, exhausted, slowed, very slow, somewhat resistant to hostile
enchantments, fairly stealthy
A: almost no armour, amphibious, 8 rings, constrict 8, camouflage 1, gelatinous
body 1
a: Bend Time, Renounce Religion


You were on level 4 of the Dungeon.
You worshipped Cheibriados.
Cheibriados was noncommittal.
You were not hungry.

You visited 2 branches of the dungeon, and saw 5 of its levels.

You collected 68 gold pieces.

Inventory:

Hand Weapons
 j - a +2 hunting sling of flaming
Missiles
 k - 63 stones (quivered)
Armour
 o - a +1 hat (worn)
Jewellery
 m - a ring of protection from magic (left tentacle)
Scrolls
 c - a scroll of identify {unknown}
 d - a scroll of fear {unknown}
 f - 2 scrolls of recharging {unknown}
Potions
 n - a potion of degeneration
Books
 a - a book of Necromancy

   Spells                             Type                      Level
   a - Pain                           Necromancy                   1
   b - Animate Skeleton               Necromancy                   1
   c - Vampiric Draining              Necromancy                   3
   d - Regeneration                   Charms/Necromancy            3
   e - Animate Dead                   Necromancy                   4
   f - Control Undead                 Necromancy                   4
Comestibles
 b - a bread ration
 i - 4 fruits
 l - 5 chunks of flesh


   Skills:
 - Level 2.0 Dodging
 - Level 2.6 Stealth
 + Level 4.9 Unarmed Combat
 - Level 2.0 Spellcasting
 - Level 4.0 Necromancy


You had 7 spell levels left.
You knew the following spells:

 Your Spells              Type           Power        Failure   Level  Hunger
a - Pain                  Necr           ####         1%          1    #......


Dungeon Overview and Level Annotations

Branches:
Dungeon (4/15)             Temple (1/1) D:4

Altars:
Ashenzari
Cheibriados
Elyvilon
Gozag
Makhleb
Okawaru
Pakellas
Qazlal
Ru
Trog
Vehumet
Yredelemnul

Annotations:
D:4 Edmund


Innate Abilities, Weirdness & Mutations

You cannot wear most types of armour.
You are amphibious.
You can wear up to eight rings at the same time.
You can use your tentacles to constrict eight enemies at once.
Your skin changes colour to match your surroundings (Stealth).
Your rubbery body absorbs attacks (AC +1).


Message History

* * * LOW HITPOINT WARNING * * *
The orc barely misses you. The orc wizard closely misses you.
You tentacle-slap the orc wizard.
You kill the orc wizard!
Cheibriados appreciates the change of pace.
The orc barely misses you. The orc hits you.
* * * LOW HITPOINT WARNING * * *
The orc closely misses you. The orc hits you with a mace.
* * * LOW HITPOINT WARNING * * *
Unknown command.
Okay, then.
You aren't carrying any items that you can evoke.
Read which item? (? for menu, Esc to quit)
Okay, then.
Drink which item? (? for menu, Esc to quit)
Okay, then.
You tentacle-slap the orc. Your grab misses the orc.
The orc is heavily wounded.
The orc closely misses you. The orc hits you with a mace.
You die...

# #####.o...######.... #
#................... ##
+................... ....#
#...............#### ....#
#...............# ....#
#...............+
...<##########...............#
##.............)o#####....#####
.#..............@o...#....#...#
.+...............#...#....'...#
##...............#...#....#..##
....#######.....######....#..#
....# #.....#....#....#..#
....# +.....#....'....+..#
....# #.....######....####
....# ..##+###......### ..ยง.#
..# #......#


You could see 2 orcs.

Vanquished Creatures
  An ogre (D:4)
  An orc priest (D:4)
  An orc wizard (D:4)
  2 dart slugs
  A giant gecko (D:3)
  A ball python (D:2)
  2 goblins
  2 hobgoblins
  A giant newt (D:2)
  A kobold (D:3)
  6 rats
19 creatures vanquished.

Notes
Turn   | Place    | Note
--------------------------------------------------------------
     0 | D:1      | M4edhros the Octopode Necromancer began the quest for the Orb.
     0 | D:1      | Reached XP level 1. HP: 11/11 MP: 3/3
    59 | D:2      | Reached skill level 1 in Unarmed Combat
    96 | D:2      | Reached XP level 2. HP: 12/17 MP: 1/5
   249 | D:4      | Noticed Edmund
   387 | D:4      | Noticed an ogre
   415 | D:4      | Killed an ogre
   415 | D:4      | Reached XP level 3. HP: 19/21 MP: 6/6
   415 | D:4      | Reached XP level 4. HP: 25/27 MP: 7/7
   522 | D:4      | Found a staircase to the Ecumenical Temple.
   528 | Temple   | Entered the Ecumenical Temple
   545 | Temple   | Became a worshipper of Cheibriados the Contemplative
   601 | D:4      | Reached XP level 5. HP: 31/31 MP: 8/8
   609 | D:4      | HP: 1/31 [orc/mace (4)]
   610 | D:4      | Slain by an orc

Vault maps used:
D:1:      dpeg_arrival_subterranean_lakeside_camping, minmay_vboxes
D:2:      lemuel_coloured_pillars_altar, uniq_natasha
D:3:      zin_purify, dk_yredelemnul_ordeal
D:4:      minmay_temple_entry_fiery, uniq_duvessa, uniq_edmund
Temple:   grunt_circular_temple_18

Skill      XL: |  1  2 |
---------------+-------+-----
Unarmed Combat | 1 4 |  4.9
Dodging        | |  2.0
Stealth        | |  2.6
Spellcasting   | |  2.0
Necromancy     | |  4.0

Action                   |  1- 3 |  4- 6 || total
-------------------------+-------+-------++-------
Melee: Unarmed           |     4 |     4 ||     8
       Constrict         |     2 |     1 ||     3
       Tentacles         |     1 |     3 ||     4
       Hunting sling     |       |     3 ||     3
 Fire: Hunting sling     |    12 |       ||    12
 Cast: Pain              |    14 |       ||    14
  Use: Potion            |     1 |     4 ||     5
Armor: Skin              |       |     2 ||     2
Dodge: Dodged            |     2 |    11 ||    13
